 Dungeon Crawl Stone Soup version 0.19-a0-1626-g5215c36 (webtiles) character file.

56 wazuzu the Insei (level 3, 0/17 HPs)
             Began as a Vine Stalker Transmuter on Sept 18, 2016.
             Slain by a worm (5 damage)
             ... on level 2 of the Dungeon.
             The game lasted 00:02:31 (2165 turns).

wazuzu the Insei (Vine Stalker Transmuter)          Turns: 2165, Time: 00:02:32

Health: 0/17       AC:  2    Str: 12    XL:     3   Next: 97%
Magic:  0/7        EV: 12    Int: 13    God:
Gold:   50         SH:  0    Dex: 15    Spells: 1 memorised, 5 levels left

rFire  . . .     SeeInvis .       - Unarmed
rCold  . . .     Gourm    .     b - +0 robe
rNeg   . . .     Faith    .     (no shield)
rPois  .         Spirit   +     (no helmet)
rElec  .         Dismiss  .     (no cloak)
rCorr  .         Reflect  .     (no gloves)
MR     .....     Harm     .     (no boots)
Stlth  +.........               (no amulet)
                                (no ring)
                                (no ring)

@: no status effects
A: fangs 2, magic shield, antimagic bite, no device heal 3, rot immunity
a: no special abilities


You were on level 2 of the Dungeon.
You were not hungry.

You visited 1 branch of the dungeon, and saw 2 of its levels.

You collected 50 gold pieces.

Inventory:

Missiles
 a - 29 arrows
Armour
 b - a +0 robe (worn)
Jewellery
 k - an uncursed amulet of the gourmand {unknown}
Scrolls
 e - 4 scrolls of remove curse {unknown}
 f - 5 scrolls of identify {unknown}
 m - a scroll of immolation {unknown}
 n - a scroll of enchant weapon {unknown}
Potions
 i - a potion of mutation {unknown}
 j - 2 potions of agility {unknown}
 l - a potion of brilliance {unknown}
 o - a potion of flight {unknown}
 p - a potion of curing {unknown}
Books
 c - a book of Changes

   Spells                             Type                      Level
   a - Beastly Appendage              Transmutation                1
   b - Sticks to Snakes               Transmutation                2
   c - Spider Form                    Transmutation/Poison         3
   d - Ice Form                       Ice/Transmutation            4
   e - Blade Hands                    Transmutation                5
Comestibles
 d - a bread ration
 g - a slice of pizza
 h - 2 meat rations
 q - a chunk of flesh


   Skills:
 - Level 0.8 Fighting
 - Level 1.5 Dodging
 + Level 4.7 Unarmed Combat
 - Level 2.1 Spellcasting
 - Level 2.0 Transmutations


You had 5 spell levels left.
You knew the following spells:

 Your Spells              Type           Power        Failure   Level  Hunger
a - Beastly Appendage     Tmut           #.....       12%         1    ##.....


Dungeon Overview and Level Annotations

Branches:
Dungeon (2/15)

Altars:


Innate Abilities, Weirdness & Mutations

You have extremely sharp teeth.
When hurt, damage is shared between your health and your magic reserves.
Your bite disrupts and absorbs the magic of your enemies.
Potions and wands cannot restore your health.
You are immune to rotting.


Message History

A worm comes into view.
A worm is nearby!
The worm bites you.
You hit the worm. You bite the worm. You drain its power.
The worm is moderately wounded.
You hit the worm but do no damage.
The worm is moderately wounded.
The worm bites you!
You hit the worm.
The worm is severely wounded.
You hit the worm. Your bite misses the worm.
The worm is almost dead.
The worm bites you!
* * * LOW HITPOINT WARNING * * *
You are too injured to fight recklessly!
You are too injured to fight recklessly!
You hit the worm but do no damage. Your bite misses the worm.
The worm is severely wounded.
The worm bites you!
You die...

##.....##
###.### ##...##
#.# ##+# #.# #.#
#########.# #.#
#...>.....#
##.###.##.###.##
##...##.##.# #.#
#....%#.##.# #.#
#.w@......# #.#
#..###.#### #.#
........## #.#
#.# #########
#.. ..# ####


You could see a worm.

Vanquished Creatures
  An adder (D:2)
  An ooze (D:2)
  2 worms (D:2)
  3 dart slugs (D:1)
  A leopard gecko (D:2)
  5 goblins
  3 hobgoblins
  A quokka (D:2)
  5 bats
  2 frilled lizards
  4 kobolds
  2 rats (D:1)
30 creatures vanquished.

Notes
Turn   | Place    | Note
-------+----------+-------------------------------------------
     0 | D:1      | wazuzu the Vine Stalker Transmuter began the quest for the Orb.
     0 | D:1      | Reached XP level 1. HP: 9/9 MP: 4/4
   414 | D:1      | Reached XP level 2. HP: 14/14 MP: 6/6
   896 | D:1      | Reached skill level 4 in Unarmed Combat
  1390 | D:2      | Reached XP level 3. HP: 17/17 MP: 7/7
  2165 | D:2      | Slain by a worm

Vault maps used:
D:1:      eino_arrival_tree_alley

Skill      XL: |  1  2 |
---------------+-------+-----
Unarmed Combat | 4 |  4.7
Fighting       | |  0.8
Dodging        | |  1.5
Spellcasting   | |  2.1
Transmutations | |  2.0

Action                   || total
-------------------------++-------
Melee: Unarmed           ||   114
       Bite              ||    19
       Punch             ||     1
 Stab: Sleeping          ||     1
  Eat: Chunk             ||     4
Armor: Robe              ||    16
Dodge: Dodged            ||    66
